 Dungeon Crawl Stone Soup version 0.28.0-49-g6dfe1f597d (webtiles) character file.

Game seed: 1415682004944592423

308 Peloso the Slasher (level 6, -2/53 HPs)
             Began as a Minotaur Fighter on May 12, 2022.
             Slain by a gnoll
             ... wielding a +0 halberd
              (15 damage)
             ... on level 4 of the Dungeon.
             The game lasted 00:04:11 (2976 turns).

Peloso the Slasher (Minotaur Fighter)               Turns: 2976, Time: 00:04:12

Health: -2/53      AC:  7    Str: 20    XL:     6   Next: 17%
Magic:  5/5        EV:  9    Int:  5    God:
Gold:   90         SH: 10    Dex: 12    Spells: 5/5 levels left

rFire   . . .      SeeInvis .   a - +0 long sword
rCold   . . .      Faith    .   c - +0 buckler
rNeg    . . .      Spirit   .   b - +0 scale mail
rPois   .          Reflect  +   (helmet restricted)
rElec   .          Harm     .   (no cloak)
rCorr   .          Rampage  .   (no gloves)
Will    .....                   (no boots)
Stlth   ..........              o - amulet of reflection
HPRegen 0.17/turn               (no ring)
MPRegen 0.09/turn               (no ring)

@: no status effects
A: horns 2, retaliatory headbutt
a: no special abilities


You were on level 4 of the Dungeon.
You visited 1 branch of the dungeon, and saw 4 of its levels.

You collected 90 gold pieces.

Inventory:

Hand Weapons
 a - a +0 long sword (weapon)
Armour
 b - a +0 scale mail (worn)
 c - a +0 buckler (worn)
Jewellery
 e - a +6 ring of intelligence
 o - an amulet of reflection (around neck)
Scrolls
 f - a scroll of holy word {unknown}
 g - a scroll of fog {unknown}
 h - a scroll of brand weapon {unknown}
 i - 2 scrolls of teleportation {unknown}
 p - a scroll of amnesia {unknown}
Potions
 d - 3 potions of might
 j - 2 potions of heal wounds
 k - a potion of berserk rage
 l - a potion of flight
 m - a potion of brilliance {unknown}
 n - a potion of curing {unknown}
 q - a potion of lignification {unknown}


   Skills:
 + Level 4.6 Fighting
 + Level 5.3 Long Blades
 + Level 5.0 Armour
 + Level 1.4 Dodging
 + Level 0.4 Stealth
 + Level 4.5 Shields


You had 5 spell levels left.
You didn't know any spells.
Your spell library contained the following spells:

 Spells                   Type           Power      Damage    Failure   Level
 Slow                     Hex            0%         N/A       88%         1
 Confusing Touch          Hex            0%         N/A       99%         3
 Vampiric Draining        Necr           0%         2d6       99%         3


Dungeon Overview and Level Annotations

Branches:
Dungeon (4/15)
 Temple: D:4-7

Altars:
Cheibriados
Elyvilon
Uskayaw

Annotations:
D:2 1 runed translucent door, Crazy Yiuf


Innate Abilities, Weirdness & Mutations

You have a pair of horns on your head.
You reflexively headbutt those who attack you in melee.


Message History

The gnoll shaman calls upon its god to speed up the gnoll.
The gnoll seems to speed up.
The gnoll closely misses you. You block the gnoll's attack.
The gnoll hits you from afar with a +0 halberd!
You block the gnoll's attack. The gnoll hits you with a +0 whip.
The gnoll closely misses you.
You see here a +0 ring mail.
You block the gnoll's attack. The gnoll hits you with a +0 whip.
You block the gnoll's attack. You block the gnoll's attack.
You see here an adder corpse.
You block the gnoll's attack. The gnoll closely misses you.
You slash the gnoll!
The gnoll is almost dead.
You block the gnoll's attack. The gnoll hits you but does no damage.
You barely miss the gnoll.
The gnoll is almost dead.
The gnoll barely misses you. The gnoll hits you with a +0 whip.
You block the gnoll's attack.
You barely miss the gnoll.
You headbutt the gnoll, but do no damage.
The gnoll is almost dead.
The gnoll closely misses you. You block the gnoll's attack. x2
The gnoll hits you but does no damage.
You slash the gnoll!
You kill the gnoll!
You block the gnoll's attack.
The gnoll hits you from afar with a +0 halberd!
* * * LOW HITPOINT WARNING * * *
The gnoll shaman calls down the wrath of its god upon you.
You resist with some effort. You block the gnoll's attack.
You block the gnoll's attack. The gnoll closely misses you.
The gnoll closely misses you. You furiously retaliate!
You headbutt the gnoll.
The gnoll shaman calls upon its god to speed up the gnoll.
The gnoll seems to speed up.
The gnoll hits you from afar with a +0 halberd!
You die...

#............#
#...........#
####..........##
.............g#
###.........##
##....g...#
##...g..##
##...g## ##.@.##
##...# ###.##
#..# ##.## ##.##
#..# ##.## ##.#


You could see a gnoll shaman and 3 gnolls.

Vanquished Creatures
  A scorpion (D:4)
  Natasha (D:1)
  3 orc wizards (D:3)
  2 gnolls (D:4)
  A howler monkey skeleton (D:4)
  3 adders
  2 worms
  2 orcs (D:3)
  4 ball pythons
  6 bats
  13 endoplasms
  2 giant cockroaches
  6 goblins
  9 hobgoblins
  10 jackals
  A quokka (D:3)
  2 frilled lizards
  9 kobolds
  5 rats
82 creatures vanquished.

Notes
Turn   | Place    | Note
-------+----------+-------------------------------------------
     0 | D:1      | Peloso the Minotaur Fighter began the quest for the Orb.
     0 | D:1      | Reached XP level 1. HP: 19/19 MP: 0/0
    95 | D:1      | Reached XP level 2. HP: 18/27 MP: 1/1
   485 | D:1      | Reached XP level 3. HP: 29/33 MP: 2/2
   971 | D:2      | Noticed Natasha
   988 | D:1      | Killed Natasha
   989 | D:1      | Reached XP level 4. HP: 19/40 MP: 3/3
  1199 | D:2      | Found a faded altar of an unknown god.
  1478 | D:2      | Found a runed translucent door.
  1479 | D:2      | Noticed Crazy Yiuf
  1944 | D:3      | Reached skill level 1 in Dodging
  2068 | D:3      | Found a snail-covered altar of Cheibriados.
  2071 | D:3      | Found a hide-covered altar of Uskayaw.
  2074 | D:3      | Found a white marble altar of Elyvilon.
  2155 | D:3      | Reached XP level 5. HP: 25/47 MP: 4/4
  2890 | D:4      | Reached skill level 5 in Long Blades
  2890 | D:4      | Reached skill level 5 in Armour
  2895 | D:4      | Reached XP level 6. HP: 48/53 MP: 5/5
  2976 | D:4      | Slain by a gnoll

Illustrated notes

Levels and vault maps discovered:
D:1:      minmay_arrival_checkered_box, layout_loops_ring
D:2:      layout_loops_cross, hellmonk_ecumenical_altar_slurped_away,
          uniq_crazy_yiuf_cottage, uniq_natasha
D:3:      layout_loops_cross, grunt_temple_overflow_open
D:4:      layout_cave_pods

Skill      XL: |  1  2  3  4  5 |
---------------+----------------+-----
Shields        | 4 |  4.5
Armour         | 4 5 |  5.0
Fighting       | 4 |  4.6
Long Blades    | 3 4 5 |  5.3
Dodging        | 1 |  1.4
Stealth        | |  0.4

Action                   |  1- 3 |  4- 6 || total
-------------------------+-------+-------++-------
Melee: Long sword        |    83 |   110 ||   193
       Headbutt          |     5 |    19 ||    24
  Use: Scroll            |       |     4 ||     4
Armor: Scale mail        |    54 |    50 ||   104
Dodge: Dodged            |    55 |    38 ||    93
Block: Buckler           |    31 |    50 ||    81
       Reflection        |       |     1 ||     1
